 Dungeon Crawl Stone Soup version 0.30.1-1-g62c8e00024 (webtiles) character file.

Game seed: 7830810887718685254

347 cheesebisquit the Ruffian (level 6, -1/61 HPs)
             Began as a Troll Fighter on July 17, 2023.
             Slain by Pikel
             ... wielding a +2 whip of freezing
              (16 damage)
             ... on level 4 of the Dungeon.
             The game lasted 00:06:50 (2192 turns).

cheesebisquit the Ruffian (Troll Fighter)           Turns: 2192, Time: 00:06:51

Health: -1/61      AC:  4    Str: 25    XL:     6   Next: 32%
Magic:  5/5        EV:  8    Int:  6    God:
Gold:   177        SH:  8    Dex:  9    Spells: 5/5 levels left

rFire   . .          .
                       - Unarmed
rCold   . . .        b - +0 kite shield
rNeg    . . .        a - +0 robe
rPois   .            (helmet restricted)
rElec   .            (no cloak)
rCorr   .            (gloves unavailable)
SInv    .            (boots unavailable)
Will    .....        (no amulet)
Stlth   +            (no ring)
HPRegen 1.10/turn    (no ring)
MPRegen 0.09/turn

%: no passive effects
@: no status effects
A: large, unfitting armour, claws 3, regeneration 1, shaggy fur 1, tough skin 1
a: no special abilities


You were on level 4 of the Dungeon.
You visited 1 branch of the dungeon, and saw 5 of its levels.

You collected 177 gold pieces.

Inventory:

Armour
 a - a +0 robe (worn)
 b - a +0 kite shield (worn)
Jewellery
 o - a ring of protection from fire
Scrolls
 e - a scroll of immolation {unknown}
 h - 5 scrolls of identify {unknown}
 i - 2 scrolls of amnesia {unknown}
 j - a scroll of teleportation {unknown}
 k - a scroll of fear {unknown}
 l - 3 scrolls of noise {unknown}
 n - a scroll of enchant weapon {unknown}
 p - a scroll of enchant armour {unknown}
Potions
 c - 2 potions of might
 d - a potion of lignification {unknown}
 f - 4 potions of curing {unknown}
 g - a potion of haste {unknown}


   Skills:
 + Level 3.6 Fighting
 - Level 2.4 Dodging
 + Level 3.9 Shields
 * Level 5.0 Unarmed Combat


You had 5 spell levels left.
You didn't know any spells.
Your spell library was empty.

Dungeon Overview and Level Annotations

Branches:
Dungeon (5/15)
 Temple: D:4-7

Altars:

Annotations:
D:4 Edmund, Pikel


Innate Abilities, Weirdness & Mutations

You are too large for most types of armour.
You have claws for hands.
Your natural rate of healing is unusually fast.
You are covered in fur. (AC +1)
You have tough skin. (AC +1)


Message History

* * * LOW HITPOINT WARNING * * *
You claw Grinder!
You kill Grinder!
Your Unarmed Combat skill increases to level 5!
You have reached level 6!
You feel stronger.
Pikel is nearby!
There is a stone staircase leading down here.
You climb downwards.
Found a barding, a scroll labelled QUHO PECEON and 10 gold pieces.
There is a stone staircase leading up here.
You start resting.
HP restored.
You climb upwards.
Level annotation: Edmund, Pikel
There is a stone staircase leading down here.
Pikel says, "Asmodeus and me are pals.
He gave me this whip."
You barely miss Pikel.
Pikel zaps a wand.
The puff of flame hits you.
You barely miss Pikel.
Pikel drinks a potion.
Pikel seems to grow stronger.
You barely miss Pikel.
The lemure shouts!
You hear a shout!
You block Pikel's attack.
You barely miss Pikel. You block the lemure's attack.
Pikel hits you with a +2 whip of freezing!
Pikel freezes you!
A kobold comes into view. It is wielding a +0 short sword.
You claw Pikel!
Pikel is moderately wounded.
Pikel hits you with a +2 whip of freezing!
Pikel freezes you.
Okay, then.
You claw Pikel!
Pikel is severely wounded.
You feel a little less mighty now. The lemure hits you.
* * * LOW HITPOINT WARNING * * *
The lemure hits you.
* * * LOW HITPOINT WARNING * * *
Pikel hits you with a +2 whip of freezing!
You die...

######+++##### ..##
.............## ...#
..............#.....
....................
..........>.##......
............##......
....#..#K........... ...
#..##.#@5....#. .......
#.#####K5.....#
........#.....†...#.....
.....#.........####.....
....##..#K.....# .##.
....#####....##
#..##.......#
##........###
##...###.###


You could see Pikel (strong), 2 lemures and a kobold.

Vanquished Creatures
  Grinder (D:4)
  2 lemures (D:3)
  An iguana (D:3)
  2 adders
  5 worms
  3 dart slugs
  An orc (D:2)
  5 ball pythons
  7 endoplasms
  2 giant cockroaches
  7 goblins
  5 hobgoblins
  7 jackals
  5 quokkas
  7 bats
  2 frilled lizards (D:1)
  8 kobolds
  5 rats
75 creatures vanquished.

Notes
Turn   | Place    | Note
-------+----------+-------------------------------------------
     0 | D:1      | cheesebisquit the Troll Fighter began the quest for the
                  | Orb.
     0 | D:1      | Reached XP level 1. HP: 22/22 MP: 0/0
    74 | D:1      | Reached XP level 2. HP: 29/29 MP: 1/1
   364 | D:1      | Reached XP level 3. HP: 36/36 MP: 2/2
   421 | D:1      | Reached skill level 3 in Unarmed Combat
   880 | D:2      | Reached XP level 4. HP: 44/44 MP: 3/3
   884 | D:2      | Found a faded altar of an unknown god.
  1912 | D:4      | Noticed a lemure
  1937 | D:4      | Noticed Pikel
  1937 | D:4      | Noticed a lemure
  1937 | D:4      | Noticed a lemure
  1937 | D:4      | Noticed a lemure
  1938 | D:4      | Noticed Grinder
  1944 | D:3      | Killed a lemure
  1982 | D:3      | Killed a lemure
  2070 | D:4      | Noticed Edmund
  2096 | D:4      | Paralysed by Grinder for 5 turns
  2102 | D:4      | Reached skill level 4 in Unarmed Combat
  2102 | D:4      | Reached XP level 5. HP: 52/53 MP: 4/4
  2133 | D:4      | Killed Grinder
  2134 | D:4      | Reached skill level 5 in Unarmed Combat
  2134 | D:4      | Reached XP level 6. HP: 8/61 MP: 5/5
  2151 | D:5      | Entered Level 5 of the Dungeon
  2192 | D:4      | Slain by Pikel

Illustrated notes

Levels and vault maps discovered:
D:1:      dpeg_arrival_rooms_b, layout_loops_ring,
          minmay_misc_feat_secret_circle, minmay_misc_feat_columns
D:2:      layout_loops_cross, shapermc_ecumenical_altar_mp_ritualfount
D:3:      layout_rooms
D:4:      layout_cave_pools, mainiacjoe_overflow_big_doors,
          hellmonk_ghost_happy_afterlife, minmay_snake_closets, uniq_pikel,
          uniq_grinder, uniq_edmund
D:5:      minmay_inner_zag, layout_loops_ring, gammafunk_ghost_cemetery,
          minivault_5, uniq_blork_the_orc

Skill      XL: |  1  2  3  4  5 |
---------------+----------------+-----
Shields        | 3 |  3.9
Unarmed Combat | 3 4 5 |  5.0
Fighting       | 3 |  3.6
Dodging        | |  2.4

Action                     |  1- 3 |  4- 6 || total
---------------------------+-------+-------++-------
  Melee: Unarmed           |   115 |   134 ||   249
  Throw: Dart              |       |     3 ||     3
    Use: Potion            |       |     1 ||     1
 Armour: Robe              |    40 |    23 ||    63
  Dodge: Dodged            |    45 |    40 ||    85
  Block: Kite shield       |    36 |    46 ||    82
